 Dungeon Crawl Stone Soup version 0.19.0-18-g426998a (webtiles) character file.

93 Gargoyl the Skirmisher (level 4, -2/35 HPs)
             Began as a Demonspawn Abyssal Knight on Nov 12, 2016.
             Was a Follower of Lugonu.
             Killed from afar by Sigmund (6 damage)
             ... with a magic dart
             ... on level 2 of the Dungeon.
             The game lasted 00:03:29 (1525 turns).

Gargoyl the Skirmisher (Demonspawn Abyssal Knight)  Turns: 1525, Time: 00:03:30

Health: -2/35      AC:  3    Str: 25    XL:     4   Next: 36%
Magic:  0/6        EV: 11    Int: 13    God:    Lugonu [*.....]
Gold:   100        SH:  0    Dex: 12    Spells: 0 memorised, 3 levels left

rFire  + . .     SeeInvis .     g - +7 long sword of Tekemaus {slice, *Drain rPois Str+6}
rCold  + . .     Gourm    .     b - +0 leather armour
rNeg   . . .     Faith    .     (no shield)
rPois  +         Spirit   +     (no helmet)
rElec  +         Reflect  .     (no cloak)
rCorr  +         Harm     .     (no gloves)
MR     .....                    (no boots)
Stlth  +.........               (no amulet)
                                (no ring)
                                (no ring)

@: mighty, resistant, flying
A: claws 1, magic shield
a: Depart the Abyss, Renounce Religion


You were on level 2 of the Dungeon.
You worshipped Lugonu.
Lugonu was aware of your devotion.
You were not hungry.

You visited 1 branch of the dungeon, and saw 2 of its levels.
You visited the Abyss 1 time.

You collected 100 gold pieces.

Inventory:

Hand Weapons
 a - a +1 hand axe
 g - the +7 long sword of Tekemaus (weapon) {slice, *Drain rPois Str+6}
   (You found it on level 2 of the Abyss)

   It inflicts extra damage upon your enemies.
   It affects your strength (+6).
   It protects you from poison.
   It causes draining when unequipped.
 k - a +2 hand axe of chopping
Missiles
 f - 3 steel tomahawks (quivered)
 h - 7 javelins
Armour
 b - a +0 leather armour (worn)
Scrolls
 d - 2 scrolls of identify
 l - 2 scrolls of noise {unknown}
 n - a scroll of recharging {unknown}
 q - a scroll of blinking {unknown}
 r - a scroll of magic mapping {unknown}
Comestibles
 c - a bread ration
 m - a beef jerky
 p - 3 chunks of flesh


   Skills:
 + Level 3.5 Fighting
 + Level 1.6 Long Blades
 + Level 1.8 Axes
 * Level 2.6 Armour
 + Level 1.3 Dodging
 * Level 3.0 Invocations


You had 3 spell levels left.
You didn't know any spells.

Dungeon Overview and Level Annotations

Branches:
Dungeon (2/15)

Altars:
Makhleb

Annotations:
D:2 Sigmund


Innate Abilities, Weirdness & Mutations

You have sharp fingernails.
When hurt, damage is shared between your health and your magic reserves.


Message History

You hear some strange, mumbled words.
A magic dart appears from out of thin air!
The magic dart hits you!
You feel better. Something hits you.
It was a potion of might.
You feel very mighty all of a sudden.
You hear some strange, mumbled words.
A magic dart appears from out of thin air!
The magic dart hits you!
It was a potion of resistance.
You feel protected. Something hits you!
* * * LOW HITPOINT WARNING * * *
You barely miss something. You miss something. Something completely misses you.
You slash something!
You hear some strange, mumbled words.
A magic dart appears from out of thin air!
The magic dart hits you!
You die...

#.
.###########
#.
$....S{@...#
##
.#########†#
###.# #####
#...# #....
#.### #.###
#.###### #.#.#
#######.##...#
#.#.#
.>......†.)#>#
#.#.#
#######.##†..#
#.#.#


You could see an adder.

Vanquished Creatures
  Natasha (D:2)
  3 adders (D:2)
  An ooze (D:2)
  A worm (D:2)
  A dart slug (D:1)
  A leopard gecko (D:2)
  A giant cockroach (D:1)
  5 goblins
  6 hobgoblins
  2 kobolds
  4 bats
  2 frilled lizards (D:1)
  6 rats
34 creatures vanquished.

Notes
Turn   | Place    | Note
-------+----------+-------------------------------------------
     0 | Abyss:1  | Gargoyl the Demonspawn Abyssal Knight began the quest for the Orb.
     0 | Abyss:1  | Reached XP level 1. HP: 18/18 MP: 2/2
     7 | Abyss:1  | Found a corrupted altar of Lugonu.
    42 | Abyss:1  | Noticed a small abomination
    58 | Abyss:2  | Noticed a small abomination
    64 | Abyss:2  | Noticed a small abomination
    73 | Abyss:2  | Got a bloodstained long sword
    74 | D:1      | Escaped the Abyss
    75 | D:1      | Identified the +7 long sword of Tekemaus {slice, *Drain rPois Str+6} (You found it on level 2 of the Abyss)
   323 | D:1      | Reached * piety under Lugonu
   600 | D:1      | Reached skill level 1 in Dodging
   615 | D:1      | Gained mutation: You have sharp fingernails. [demonic ancestry]
   615 | D:1      | Reached XP level 2. HP: 17/24 MP: 3/3
  1273 | D:2      | Reached XP level 3. HP: 27/29 MP: 4/4
  1376 | D:2      | Noticed Natasha
  1380 | D:2      | Killed Natasha
  1380 | D:2      | Reached skill level 1 in Long Blades
  1386 | D:2      | Found a burning altar of Makhleb.
  1417 | D:2      | Gained mutation: When hurt, damage is shared between your health and your magic reserves. [demonic ancestry]
  1417 | D:2      | Reached XP level 4. HP: 32/35 MP: 6/6
  1505 | D:2      | Noticed Sigmund
  1525 | D:2      | Killed from afar by Sigmund

Skill      XL: |  1  2  3  4 |
---------------+-------------+-----
Dodging        | 1 |  1.3
Armour         | 2 |  2.6
Long Blades    | 1 |  1.6
Invocations    | 3 |  3.0
Fighting       | |  3.5
Axes           | |  1.8

Action                   |  1- 3 |  4- 6 || total
-------------------------+-------+-------++-------
Melee: Long sword        |    45 |    12 ||    57
Invok: Depart the Abyss  |     1 |       ||     1
  Use: Scroll            |     1 |       ||     1
       Potion            |       |     7 ||     7
  Eat: Chunk             |     2 |       ||     2
Armor: Leather armour    |    20 |     2 ||    22
Dodge: Dodged            |    33 |     8 ||    41
       Rpst.: Long sword |     8 |     2 ||    10
